 Dungeon Crawl Stone Soup version 0.28-a0-1429-gf3d713df7a (webtiles) character file.

Game seed: 7770009078866752638

143 Gargoyl the Skirmisher (level 5, -2/42 HPs)
             Began as a Demonspawn Abyssal Knight on Jan 8, 2022.
             Was a Believer of Lugonu.
             Killed by nerve-wracking pain
             ... invoked by Grinder
              (7 damage)
             ... while paralysed by Grinder
             ... on level 3 of the Dungeon.
             The game lasted 00:04:21 (3520 turns).

Gargoyl the Skirmisher (Demonspawn Abyssal Knight)  Turns: 3520, Time: 00:04:22

Health: -2/42      AC:  5    Str: 15    XL:     5   Next: 4%
Magic:  7/7        EV:  2    Int: 12    God:    Lugonu [**....]
Gold:   134        SH:  0    Dex: 13    Spells: 4/4 levels left

rFire   . . .      SeeInvis .   e - +1 hand axe (drain)
rCold   . . .      Faith    .   (no shield)
rNeg    . . .      Spirit   .   b - +0 leather armour
rPois   .          Reflect  .   d - +0 helmet
rElec   .          Harm     .   (no cloak)
rCorr   .          Rampage  .   g - +0 pair of gloves
Will    .....                   (no boots)
Stlth   +.........              (no amulet)
HPRegen 0.14/turn               (no ring)
MPRegen 0.10/turn               (no ring)

@: paralysed, studying Throwing
A: claws 1
a: Renounce Religion, Depart the Abyss, Bend Space


You were on level 3 of the Dungeon.
You worshipped Lugonu.
Lugonu was pleased with you.
You visited 1 branch of the dungeon, and saw 3 of its levels.
You visited the Abyss 1 time.

You collected 134 gold pieces.

Inventory:

Hand Weapons
 a - a +1 hand axe
 e - a +1 hand axe of draining (weapon)
Missiles
 k - 27 poisoned darts (quivered)
Armour
 b - a +0 leather armour (worn)
 d - a +0 helmet (worn)
 g - a +0 pair of gloves (worn)
Jewellery
 h - a +4 ring of protection
Scrolls
 f - a scroll of identify
 i - 2 scrolls of fear
 l - a scroll of enchant weapon {unknown}
Potions
 j - a potion of ambrosia
 m - a potion of brilliance {unknown}
 n - 2 potions of haste {unknown}


   Skills:
 + Level 3.8 Fighting
 + Level 3.0 Axes
 + Level 2.6 Armour
 + Level 1.5 Dodging
 + Level 0.6 Stealth
 + Level 3.0 Invocations


You had 4 spell levels left.
You didn't know any spells.
Your spell library was empty.

Dungeon Overview and Level Annotations

Branches:
Dungeon (3/15)

Altars:

Shops:
D:1 !?!!

Annotations:
D:3 Grinder


Innate Abilities, Weirdness & Mutations

You have sharp fingernails.


Message History

Grinder gestures at you.
You barely resist.
Throw: 30 darts (poison)
Press: ? - help, Q - select action, (/) - cycle Shift-Dir - straight line, f/p - Grinder
Aim: Grinder (lightly wounded, 53% to hit)
You throw a poisoned dart.
The poisoned dart closely misses Grinder.
Grinder hits you.
You writhe in agony.
Throw: 29 darts (poison)
Press: ? - help, Q - select action, (/) - cycle Shift-Dir - straight line, f/p - Grinder
Aim: Grinder (lightly wounded, 53% to hit)
You throw a poisoned dart. The poisoned dart hits Grinder.
Grinder is poisoned.
Grinder is lightly wounded.
Grinder hits you.
You writhe in agony.
Throw: 28 darts (poison)
Press: ? - help, Q - select action, (/) - cycle Shift-Dir - straight line, f/p - Grinder
Aim: Grinder (lightly wounded, poisoned, 53% to hit)
You throw a poisoned dart. The poisoned dart hits Grinder.
Grinder is lightly wounded.
Grinder hits you.
You writhe in agony.
* * * LOW HITPOINT WARNING * * *
It was a potion of ambrosia.
You are confused.
You feel invigorated. Grinder hits you.
* * * LOW HITPOINT WARNING * * *
You writhe in agony.
* * * LOW HITPOINT WARNING * * *
Unknown command.
Grinder gestures at you.
You suddenly lose the ability to move!
You feel less invigorated.
You feel less confused. Grinder gestures at you.
You shrug off the repeated paralysis!
Grinder hits you.
* * * LOW HITPOINT WARNING * * *
Grinder looks more healthy.
Grinder gestures at you. Pain shoots through your body!
You die...

#......####.#.
#...........#.
#####......###....
.............#.#..
#.##########.#....
#(#........#.###..
#.#.######.#.##<..
#5#.######.)......
#@...........###..
###.######........
#.#######.####..
#...............
##########....##
#..#.....##
#..#.....#.
#..#####.#.
#........#.


You could see Grinder.

Vanquished Creatures
  5 gnolls
  2 adders (D:2)
  A worm (D:2)
  4 dart slugs
  6 ball pythons
  6 bats
  8 endoplasms
  3 giant cockroaches
  5 goblins
  3 hobgoblins
  4 jackals (D:3)
  2 quokkas
  4 frilled lizards
  6 kobolds
  6 rats
65 creatures vanquished.

Vanquished Creatures (others)
  A ball python (D:1)
1 creature vanquished.

Grand Total: 66 creatures vanquished

Notes
Turn   | Place    | Note
-------+----------+-------------------------------------------
     0 | Abyss:1  | Gargoyl the Demonspawn Abyssal Knight began the quest for
                  | the Orb.
     0 | Abyss:1  | Reached XP level 1. HP: 18/18 MP: 2/2
    86 | Abyss:1  | Noticed a small abomination
    87 | D:1      | Escaped the Abyss
   136 | D:1      | Reached * piety under Lugonu
   321 | D:1      | Found Dirufiutz's Distillery.
   386 | D:1      | Found a faded altar of an unknown god.
   531 | D:1      | Gained mutation: You have sharp fingernails. [demonic
                  | ancestry]
   531 | D:1      | Reached XP level 2. HP: 24/24 MP: 4/4
   801 | D:1      | Found Tychiri's Magic Scroll Boutique.
  1137 | D:1      | Found Wipheeg's Distillery.
  1279 | D:1      | Found Nuych's Distillery.
  1520 | D:2      | Reached XP level 3. HP: 23/29 MP: 5/5
  1604 | D:2      | Reached skill level 1 in Dodging
  1609 | D:2      | Reached XP level 4. HP: 13/37 MP: 6/6
  2621 | D:3      | Reached ** piety under Lugonu
  2724 | D:3      | Identified the +2 robe of Gidyav Zumu {-Tele rF+ Dex+3}
  2934 | D:3      | Reached XP level 5. HP: 9/42 MP: 7/7
  3504 | D:3      | Noticed Grinder
  3504 | D:3      | Paralysed by Grinder for 2 turns
  3517 | D:3      | Paralysed by Grinder for 7 turns
  3520 | D:3      | Killed from afar by Grinder

Illustrated notes

Levels and vault maps discovered:
D:1:      psy_arrival_radial01, layout_loops_cross, serial_shops, shop,
          nicolae_shop_hallway_stairs, shop, nicolae_lakefront_shop,
          chequers_ecumenical_altar_island
D:2:      layout_loops_cross, kennysheep_cluttered_room
D:3:      layout_basic, small_statue_alley_b, minmay_starry_boxes, uniq_grinder

Skill      XL: |  1  2  3  4 |
---------------+-------------+-----
Axes           | 2 3 |  3.0
Invocations    | 3 |  3.0
Armour         | 2 |  2.6
Dodging        | 1 |  1.5
Fighting       | |  3.8
Stealth        | |  0.6

Action                   |  1- 3 |  4- 6 || total
-------------------------+-------+-------++-------
Melee: Hand axe          |    78 |   100 ||   178
       Punch             |     1 |       ||     1
Throw: Dart              |       |     7 ||     7
Invok: Depart the Abyss  |     1 |       ||     1
  Use: Scroll            |     4 |     3 ||     7
       Potion            |       |     2 ||     2
Armor: Leather armour    |    25 |    49 ||    74
Dodge: Dodged            |    61 |    72 ||   133

Table legend: (Time is in decaauts)
 A = Elapsed time spent in this place.
 B = Non-inter-level travel time spent in this place.
 C = Inter-level travel time spent in this place.
 D = Time resting spent in this place.
 E = Time spent auto-exploring this place.
 F = Levels seen in this place.
 G = Mean time per level.
                   A        B        C        D        E       F      G
               +--------+--------+--------+--------+--------+-----+--------+
         Total |   3557 |   3481 |     76 |     35 |   2830 |   4 |  889.2 |
       Dungeon |   3470 |   3394 |     76 |     35 |   2748 |   3 | 1156.7 |
         Abyss |     87 |     87 |      0 |      0 |     82 |   1 |   87.0 |
               +--------+--------+--------+--------+--------+-----+--------+

Top non-repeatable levels by time:
     D:1: 1313 daAuts
     D:2: 1202 daAuts
     D:3: 954 daAuts
 Abyss:1: 87 daAuts
